 Dungeon Crawl Stone Soup version 0.28-a0-447-g1f95980246 (webtiles) character file.

Game seed: 2335597341294769496

26462 rogsnak the Stormcaller (level 13, -25/67 HPs)
             Began as a Tengu Air Elementalist on Sept 12, 2021.
             Was an Elder of Sif Muna.
             Killed from afar by a tengu reaver (35 damage)
             ... with a bolt of lightning
             ... on level 14 of the Dungeon on Sept 13, 2021.
             The game lasted 00:55:37 (16886 turns).

rogsnak the Stormcaller (Tengu Air Elementalist)   Turns: 16886, Time: 00:55:37

Health: -25/67     AC: 12    Str:  9    XL:     13   Next: 26%
Magic:  25/39      EV: 15    Int: 23    God:    Sif Muna [****..]
Gold:   1050       SH:  0    Dex: 15    Spells: 24/36 levels left

rFire   . . .      SeeInvis .   T - +6 mace of True Grit {spect, Int+3}
rCold   . . .      Faith    .   (no shield)
rNeg    . . .      Spirit   .   X - +0 troll leather armour
rPois   .          Reflect  .   Z - +2 hat
rElec   .          Harm     .   P - +0 cloak
rCorr   .          Rampage  .   y - +0 pair of gloves
Will    .....                   (boots unavailable)
Stlth   ++........              e - amulet of magic regeneration
HPRegen 1.21/turn               k - ring of magical power
MPRegen 0.51/turn               K - +4 ring of protection

@: flying quickly and evasively, quick
A: beak, talons 3, nimble flight
a: Renounce Religion, Channel Magic, Forget Spell, Divine Exegesis


You were on level 14 of the Dungeon.
You worshipped Sif Muna.
Sif Muna was greatly pleased with you.
You visited 1 branch of the dungeon, and saw 14 of its levels.
You also visited: Sewer and Ossuary.

You collected 1050 gold pieces.

Inventory:

Hand Weapons
 x - a +1 flail of draining
 H - a +2 hand crossbow of electrocution
 I - a +2 dagger of venom
 T - the +6 mace of True Grit (weapon) {spect, Int+3}
   (You found it on level 6 of the Dungeon)

   When its wielder attacks, the weapon's spirit leaps out and strikes again.
   The spirit shares a part of any damage it takes with its wielder.
   Int:       It affects your intelligence (+3).
Missiles
 f - 144 bolts
 j - 5 silver boomerangs
 l - 70 poisoned darts
 w - 14 curare-tipped darts
Armour
 a - a +0 robe
 b - +0 acid dragon scales
 y - a +0 pair of gloves (worn)
 P - a +0 cloak (worn)
 X - a +0 troll leather armour (worn)
 Z - a +2 hat (worn)
Magical Staves
 N - a staff of earth
Jewellery
 e - an amulet of magic regeneration (around neck)
 k - a ring of magical power (left hand)
 s - a ring of fire
 v - an amulet of reflection
 K - a +4 ring of protection (right hand)
 R - a ring of see invisible
 W - an amulet of regeneration
Wands
 d - a wand of digging (5)
 C - a wand of mindburst (33)
 M - a wand of polymorph (8)
 O - a wand of iceblast (17)
 S - a wand of paralysis (9)
Scrolls
 g - 5 scrolls of magic mapping
 h - a scroll of silence
 i - 2 scrolls of holy word
 o - a scroll of enchant armour
 p - 3 scrolls of amnesia
 t - 3 scrolls of fog
 E - a scroll of summoning
 F - 8 scrolls of teleportation
 G - 2 scrolls of fear
 L - a scroll of torment
 Q - 2 scrolls of blinking
 V - a scroll of immolation
 Y - a scroll of brand weapon
Potions
 c - a potion of invisibility
 m - 2 potions of resistance
 n - 4 potions of haste
 q - a potion of magic
 r - 3 potions of berserk rage
 u - 4 potions of brilliance
 z - 8 potions of curing {unknown}
 A - 3 potions of heal wounds
 B - 4 potions of attraction
 D - a potion of ambrosia
 J - a potion of might
 U - a potion of lignification


   Skills:
 + Level 2.2 Fighting
 + Level 2.1 Armour
 + Level 3.3 Dodging
 - Level 2.0 Stealth
 + Level 12.3 Spellcasting
 * Level 13.7 Conjurations
 - Level 2.0 Translocations
 + Level 1.0 Ice Magic
 + Level 16.1 Air Magic


You had 24 spell levels left.
You knew the following spells:

 Your Spells              Type           Power      Damage    Failure   Level
a - Shock                 Conj/Air       100%       1d9       0%          1
b - Blink                 Tloc           N/A        N/A       4%          2
c - Airstrike             Air            36%        N/A       1%          4
d - Freezing Cloud        Conj/Ice/Air   29%        6-21      2%          5

Your spell library contained the following spells:

 Spells                   Type           Power      Damage    Failure   Level
 Static Discharge         Conj/Air       70%        N/A       1%          2
 Swiftness                Air            73%        N/A       1%          3
 Summon Small Mammal      Summ           56%        N/A       6%          1
 Lesser Beckoning         Tloc           23%        N/A       8%          3
 Passwall                 Tmut/Erth      11%        N/A       9%          2
 Slow                     Hex            14%        N/A       9%          2
 Sublimation of Blood     Necr           7%         N/A       9%          2
 Wereblood                Tmut           14%        N/A       9%          2
 Call Canine Familiar     Summ           14%        N/A       19%         3
 Confusing Touch          Hex            14%        N/A       19%         3
 Summon Guardian Golem    Hex/Summ       14%        N/A       19%         3
 Manifold Assault         Tloc           23%        N/A       58%         5
 Yara's Violent Unravell  Hex/Tmut       7%         3d5       86%         5
 Storm Form               Tmut/Air       25%        N/A       88%         7
 Invisibility             Hex            7%         N/A       100%        6
 Summon Hydra             Summ           7%         N/A       100%        7


Dungeon Overview and Level Annotations

Branches:
Dungeon (14/15)            Temple (0/1) D:7            Lair (0/6) D:8
    Orc (0/2) D:9           Sewer (visited)         Ossuary (visited)
 Vaults: D:13-14

Altars:
Dithmenos
Gozag
Makhleb
Okawaru
Ru
Sif Muna
Vehumet
Wu Jian
Xom
Yredelemnul

Shops:
D:2 [(!((   D:5 =

Annotations:
D:11 1 runed translucent door, Atlas's ghost, journeyman DgIE


Innate Abilities, Weirdness & Mutations

You have a beak for a mouth.
You have claws for feet.
Your magical nature lets you fly swiftly and evasively.


Message History

A boulder beetle comes into view.
Casting: Airstrike (safe; 1% risk of failure)
Confirm with . or Enter, or press ? or * to list all spells.
Aiming: Airstrike (safe; 1% risk of failure)
Press: ? - help, Dir - move target, f/p - tengu reaver
Aim: a tengu reaver, wielding a +2 battleaxe of venom and wearing a +2 ring mail of cold resistance (moderately wounded, empty space bonus: 5/8)
The air twists around and strikes the tengu reaver!
The tengu reaver is heavily wounded.
Unknown command.
Casting: Airstrike (safe; 1% risk of failure)
Confirm with . or Enter, or press ? or * to list all spells.
Aiming: Freezing Cloud (dangerous; 2% risk of failure)
Press: ? - help, Dir - move target, p - tengu reaver The plant is engulfed in freezing vapours.
The plant begins to die.
The plant is engulfed in freezing vapours.
The plant begins to die.
The tengu reaver is engulfed in freezing vapours.
The tengu reaver hits the plant with a +2 battleaxe of venom!!
The tengu reaver pecks the plant!
The tengu reaver claws the plant!
Welcome back, rogsnak the Tengu Air Elementalist.
Sif Muna whispers: I know many secrets...
Press ? for a list of commands and other information.
The plant is engulfed in freezing vapours. x2
The tengu reaver is engulfed in freezing vapours.
The tengu reaver points at you and mumbles some strange words.
The bolt of acid hits the plant!!
The bolt of acid hits you!!!
Ouch! That really hurt!
* * * LOW HITPOINT WARNING * * *
Unknown command.
Unknown command.
The plant is engulfed in freezing vapours.
A nearby plant withers and dies.
The plant is engulfed in freezing vapours.
The tengu reaver is engulfed in freezing vapours.
The tengu reaver casts a spell at you.
The bolt of lightning hits the plant!!!
The bolt of lightning misses you. The bolt of lightning hits you!!
Ouch! That really hurt!
You die...

#. #.# #.## #.# ♣♣§§♣
#.## ♣§§§B #..# ♣§Q♣
.#).# ### ♣≈P♣♣♣≈P♣#..#
###.. ♣♣.≈≈≈≈♣ #..#
##...< #####...#######..#
#.....
........@(.......###.....
##...#######.............
#... #..########.... ...
##.## #.... .. #..# ##...
# . ##.## #... ## #..#
##.. .. ##.## #.. ..
##.## #..


You could see a tengu reaver.

Vanquished Creatures
  Gastronok (D:11)
  Erolcha (D:12)
  4 hydras
  3 boulder beetles
  2 centaur warriors
  3 two-headed ogres (D:12)
  Nergalle (D:11)
  Sonja (D:12)
  A deep elf archer (D:14)
  A deep elf pyromancer (D:14)
  A manticore (D:11)
  A gargoyle (D:12)
  A smoke demon (D:10)
  6 trolls
  7 slime creatures
  2 meliai zombies
  Sigmund (D:6)
  2 shadows
  A centaur simulacrum (D:14)
  A wraith (D:12)
  20 yaks
  A wyvern (D:10)
  3 steam dragons
  2 vampire mosquitoes (D:13)
  2 acid dragons
  3 water moccasins
  2 ice beasts
  2 orc warriors
  3 sky beasts
  4 black bears
  5 centaurs
  7 kobold brigands
  An elf zombie (Ossuary)
  2 wyvern zombies
  4 scorpions
  6 bullfrogs
  3 water moccasin skeletons
  8 killer bees
  3 wights (D:8)
  6 howler monkeys
  4 centaur zombies
  A human zombie (Ossuary)
  2 jellies
  5 orc priests
  2 hounds
  Crazy Yiuf (D:6)
  2 centaur skeletons
  Jessica (D:3)
  2 bullfrog skeletons (D:6)
  2 iguanas
  11 orc wizards
  A statue (D:6)
  3 mummies
  4 gnolls (D:7)
  7 adders
  4 river rats
  A shadow imp (D:5)
  An ufetubus (D:6)
  6 worms
  2 dart slugs
  24 orcs
  20 endoplasms
  A giant cockroach (D:2)
  6 hobgoblins
  2 jackals (D:1)
  21 kobolds
  A quokka (D:1)
  9 ball pythons
  7 bats
  3 frilled lizards
  5 goblins
  15 hobgoblin zombies
  2 jackal zombies (Ossuary)
  7 kobold zombies (Ossuary)
  8 orc zombies (Ossuary)
  9 rats
  4 rat zombies (Ossuary)
334 creatures vanquished.

Vanquished Creatures (others)
  A plant (D:14)
1 creature vanquished.

Grand Total: 335 creatures vanquished

Notes
Turn   | Place    | Note
-------+----------+-------------------------------------------
     0 | D:1      | rogsnak the Tengu Air Elementalist began the quest for the
                  | Orb.
     0 | D:1      | Reached XP level 1. HP: 10/10 MP: 4/4
   235 | D:1      | Reached XP level 2. HP: 15/15 MP: 3/6
   725 | D:1      | Reached XP level 3. HP: 19/19 MP: 1/7
   858 | D:1      | Reached skill level 5 in Air Magic
  1075 | D:2      | Found Woriwk's Antique Weapon Shop.
  1263 | D:2      | Found Anecvi's Distillery.
  1267 | D:2      | Found Waesiu's Weapon Emporium.
  1312 | D:2      | Found a faded altar of an unknown god.
  1533 | D:2      | Found Yrootsud's Armour Shop.
  1761 | D:2      | Found Coosh's Weapon Emporium.
  2099 | D:3      | Reached XP level 4. HP: 24/24 MP: 8/8
  2308 | D:3      | Got the Guide on Feathers
  2313 | D:3      | Learned a level 2 spell: Blink
  2318 | D:3      | Learned a level 4 spell: Airstrike
  2325 | D:3      | Found a shadowy altar of Dithmenos.
  2325 | D:3      | Found a basalt altar of Yredelemnul.
  2493 | D:3      | Noticed Jessica
  2495 | D:3      | Killed Jessica
  2496 | D:3      | Gained mutation: Your magical nature lets you fly swiftly
                  | and evasively. [Tengu growth]
  2496 | D:3      | Reached XP level 5. HP: 28/28 MP: 9/9
  3051 | D:4      | Found a sand-covered staircase.
  3056 | D:4      | Reached skill level 5 in Conjurations
  3060 | Ossuary  | Entered an ossuary
  3178 | Ossuary  | Reached skill level 6 in Air Magic
  3244 | Ossuary  | Reached XP level 6. HP: 32/32 MP: 9/11
  3364 | D:4      | Found a shimmering blue altar of Sif Muna.
  3387 | D:4      | Became a worshipper of Sif Muna the Loreminder
  3491 | D:4      | Noticed a black bear
  3510 | D:4      | Killed a black bear
  3511 | D:4      | Reached XP level 7. HP: 19/37 MP: 9/13
  3556 | D:4      | Found a glowing drain.
  3563 | Sewer    | Entered a sewer
  3795 | Sewer    | Reached skill level 1 in Fighting
  4422 | Sewer    | Reached * piety under Sif Muna
  4423 | Sewer    | Reached skill level 7 in Air Magic
  4670 | Sewer    | Upgraded the game from 0.28-a0-429-g1448048969 to
                  | 0.28-a0-447-g1f95980246
  4685 | Sewer    | Reached XP level 8. HP: 43/43 MP: 15/15
  5738 | D:4      | Found an ornate altar of the Wu Jian Council.
  6062 | D:5      | Entered Level 5 of the Dungeon
  6123 | D:5      | Reached skill level 5 in Spellcasting
  6343 | D:5      | You are sucked into a shaft and drop 3 floors!
  6518 | D:8      | Reached skill level 8 in Air Magic
  6601 | D:7      | Noticed a shadow
  6604 | D:7      | Killed a shadow
  6746 | D:7      | Reached XP level 9. HP: 47/47 MP: 18/18
  6773 | D:7      | Reached ** piety under Sif Muna
  6989 | D:7      | Found a staircase to the Ecumenical Temple.
  6994 | D:7      | Reached skill level 9 in Air Magic
  7159 | D:5      | Found an iron altar of Okawaru.
  7520 | D:5      | Reached skill level 10 in Air Magic
  7825 | D:5      | Found Lukur's Jewellery Shoppe.
  8020 | D:6      | Found a sacrificial altar of Ru.
  8023 | D:6      | Reached skill level 10 in Conjurations
  8289 | D:6      | Found a radiant altar of Vehumet.
  8779 | D:6      | Noticed Sigmund
  8780 | D:6      | Reached XP level 10. HP: 53/53 MP: 15/21
  9150 | D:6      | Reached skill level 11 in Air Magic
  9279 | D:6      | Found an opulent altar of Gozag.
  9395 | D:6      | Found a runed translucent door.
  9396 | D:6      | Noticed Crazy Yiuf
  9398 | D:6      | Identified the +6 mace of True Grit {spect, Int+3}
  9413 | D:6      | Killed Crazy Yiuf
  9521 | D:6      | Killed Sigmund
  9521 | D:6      | Reached *** piety under Sif Muna
 10286 | D:8      | Found a staircase to the Lair.
 11468 | D:9      | Reached skill level 12 in Air Magic
 11637 | D:9      | Found a shimmering altar of Xom.
 11643 | D:9      | Found a shimmering altar of Xom.
 11644 | D:9      | Found a shimmering altar of Xom.
 11645 | D:9      | Found a shimmering altar of Xom.
 11645 | D:9      | Found a shimmering altar of Xom.
 11645 | D:9      | Found a shimmering altar of Xom.
 11841 | D:9      | Reached XP level 11. HP: 57/57 MP: 6/25
 11939 | D:9      | Found a staircase to the Orcish Mines.
 11949 | D:9      | Reached **** piety under Sif Muna
 12287 | D:10     | Entered Level 10 of the Dungeon
 12449 | D:10     | Reached skill level 1 in Armour
 12450 | D:10     | Reached skill level 1 in Translocations
 12608 | D:10     | Reached skill level 13 in Air Magic
 12629 | D:10     | Found a burning altar of Makhleb.
 13253 | D:11     | Learned a level 5 spell: Freezing Cloud
 13437 | D:11     | Noticed a manticore
 13442 | D:11     | Killed a manticore
 13495 | D:11     | Noticed Nergalle
 13499 | D:11     | Killed Nergalle
 13500 | D:11     | Reached skill level 10 in Spellcasting
 13863 | D:11     | Noticed Gastronok
 13877 | D:11     | Killed Gastronok
 13878 | D:11     | Reached skill level 14 in Air Magic
 13964 | D:11     | Reached XP level 12. HP: 62/62 MP: 26/27
 14071 | D:11     | Found a runed translucent door.
 14071 | D:11     | Noticed Atlas's ghost (journeyman DgIE)
 14301 | D:12     | Noticed a two-headed ogre
 14304 | D:12     | Killed a two-headed ogre
 14524 | D:12     | Noticed a two-headed ogre
 14524 | D:12     | Noticed a boulder beetle
 14667 | D:12     | Noticed a two-headed ogre
 14668 | D:12     | Noticed Erolcha
 14669 | D:12     | Noticed a seven-headed hydra
 14670 | D:12     | Killed a two-headed ogre
 14682 | D:12     | Killed Erolcha
 14687 | D:12     | Killed a seven-headed hydra
 14820 | D:12     | Noticed a seven-headed hydra
 14835 | D:12     | Noticed Sonja
 14847 | D:12     | Killed Sonja
 14848 | D:12     | Reached skill level 15 in Air Magic
 14906 | D:12     | Killed a seven-headed hydra
 14963 | D:12     | Noticed a centaur warrior
 15406 | D:12     | Killed a boulder beetle
 15501 | D:12     | Killed a two-headed ogre
 15610 | D:13     | Noticed a boulder beetle
 15645 | D:13     | Killed a boulder beetle
 15728 | D:13     | Noticed a centaur warrior
 15738 | D:13     | Killed a centaur warrior
 15773 | D:13     | Noticed a five-headed hydra
 15791 | D:13     | Killed a five-headed hydra
 15898 | D:13     | Reached XP level 13. HP: 67/67 MP: 26/29
 16423 | D:14     | Reached skill level 16 in Air Magic
 16820 | D:14     | Reached skill level 1 in Ice Magic
 16880 | D:14     | Noticed a tengu reaver
 16886 | D:14     | Killed from afar by a tengu reaver

Illustrated notes

Levels and vault maps discovered:
D:1:      dpeg_arrival_round_c, layout_loops_ring, kennysheep_decorative_pillar
D:2:      layout_rooms, chequers_ecumenical_altar_island, serial_shops, shop,
          shop, nicolae_shop_trees, shop, nicolae_shop_behind_doors,
          chequers_serial_rivers_small_a
D:3:      layout_rooms, gammafunk_temple_overflow_elements, uniq_jessica
D:4:      layout_layer_cave, mainiacjoe_overflow_alcove_2,
          amcnicky_altar_gilded, nicolae_ossuary_entry_giza,
          cheibrodos_sewer_entry_sluice
D:5:      layout_basic, okawaru_metal_pillars_1_2, serial_shops, shop
D:6:      layout_loops_ring, vehumet_statue, grunt_gozag_breadcrumbs,
          kennysheep_little_box, grunt_potential, uniq_sigmund,
          uniq_crazy_yiuf_cottage
D:7:      layout_loops_ring, minmay_temple_entry_mini_moons
D:8:      layout_layer_cave, lair_entry_dummy, minivault_22
D:9:      layout_irregular_city, xom_redecorated, orc_0_dummy
D:10:     layout_roguey, demons_altar
D:11:     layout_grid_maze, ebering_ghost_inner_flame, uniq_gastronok,
          uniq_nergalle
D:12:     layout_cave_pods, uniq_sonja, uniq_erolcha
D:13:     layout_basic
D:14:     nzn_winding_woodlands_small [nzn_winding_woodlands_5x15_lazy_stream,
          nzn_winding_woodlands_center_diamonds,
          nzn_winding_woodlands_5x15_parted], layout_cave_pods, david_vaults_4,
          minmay_misc_feat_more_columns, special_room [special_room_bee],
          chequers_serial_rivers_micro_c, lemuel_old_faithful

Skill      XL: |  1  2  3  4  5  6  7  8  9 10 11 12 13 |
---------------+----------------------------------------+-----
Conjurations   | 2 3 5 6 7 9 10 11 12 13 | 13.7
Air Magic      | 5 6 7 8 10 12 14 15 16 | 16.1
Spellcasting   | 3 4 5 7 9 10 11 12 | 12.3
Fighting       | 1 2 |  2.2
Dodging        | 3 |  3.3
Armour         | 1 2 |  2.1
Translocations | 2 |  2.0
Ice Magic      | 1 |  1.0
Stealth        | |  2.0

Action                   |  1- 3 |  4- 6 |  7- 9 | 10-12 | 13-15 || total
-------------------------+-------+-------+-------+-------+-------++-------
Melee: Kick              |     1 |     6 |     4 |     7 |       ||    18
       Whip              |     1 |       |       |       |       ||     1
       Flail             |       |     8 |       |       |       ||     8
       Peck              |       |     4 |     1 |     2 |       ||     7
       Short sword       |       |    12 |     5 |       |       ||    17
       Dagger            |       |       |    13 |       |       ||    13
       Mace              |       |       |       |    18 |       ||    18
 Cast: Shock             |    94 |   121 |   179 |    60 |       ||   454
       Airstrike         |       |     1 |    83 |   254 |    33 ||   371
       Freezing Cloud    |       |       |       |    12 |    10 ||    22
Evoke: Wand              |       |       |       |     2 |       ||     2
  Use: Scroll            |       |       |       |    13 |     6 ||    19
       Potion            |       |       |       |       |     8 ||     8
Armor: Robe              |     1 |     5 |    19 |     3 |       ||    28
       Troll leather arm |       |       |       |    16 |       ||    16
Dodge: Dodged            |     2 |    27 |    62 |    56 |     7 ||   154

Table legend: (Time is in decaauts)
 A = Elapsed time spent in this place.
 B = Non-inter-level travel time spent in this place.
 C = Inter-level travel time spent in this place.
 D = Time resting spent in this place.
 E = Time spent auto-exploring this place.
 F = Levels seen in this place.
 G = Mean time per level.
                   A        B        C        D        E       F      G
               +--------+--------+--------+--------+--------+-----+--------+
         Total |  16003 |  15634 |    369 |   3233 |   8983 |  16 | 1000.2 |
       Dungeon |  14622 |  14253 |    369 |   3044 |   8166 |  14 | 1044.4 |
         Sewer |   1121 |   1121 |      0 |    118 |    816 |   1 | 1121.0 |
       Ossuary |    258 |    258 |      0 |     71 |      0 |   1 |  258.0 |
               +--------+--------+--------+--------+--------+-----+--------+

Top non-repeatable levels by time:
     D:4: 1478 daAuts
     D:6: 1461 daAuts
     D:8: 1394 daAuts
   Sewer: 1121 daAuts
     D:5: 1118 daAuts
    D:12: 1094 daAuts
     D:3: 1083 daAuts
    D:11: 1060 daAuts
     D:1: 1057 daAuts
     D:7: 990 daAuts
     D:9: 890 daAuts
    D:10: 876 daAuts
     D:2: 863 daAuts
    D:13: 689 daAuts
    D:14: 564 daAuts
